 Dungeon Crawl Stone Soup version 0.24.1-8-ga250c9d538 (webtiles) character file.

Game seed: 379284256377404328, levelgen mode: deterministic

53 Hugehornet the Changer (level 3, -13/23 HPs)
             Began as an Octopode Transmuter on May 6, 2020.
             Mangled by Sigmund
             ... wielding a +1 scythe of slicing
              (15 damage)
             ... on level 2 of the Dungeon.
             The game lasted 00:01:32 (1223 turns).

Hugehornet the Changer (Octopode Transmuter)        Turns: 1223, Time: 00:01:33

Health: -13/23     AC:  1    Str:  9    XL:     3   Next: 89%
Magic:  5/6        EV: 13    Int: 16    God:
Gold:   58         SH:  0    Dex: 12    Spells: 3/6 levels left

rFire    . . .     SeeInvis .     - Unarmed
rCold    . . .     Gourm    .   (no shield)
rNeg     . . .     Faith    .   (helmet restricted)
rPois    .         Spirit   .   (no amulet)
rElec    .         Reflect  .   (no ring)
rCorr    .         Harm     .   (no ring)
MR       .....                  (no ring)
Stlth    ++........             (no ring)
HPRegen  0.07/turn              (no ring)
MPRegen  0.10/turn              (no ring)
                                (no ring)
                                (no ring)

@: appendage (expiring), very slightly contaminated, hasted, very quick
A: almost no armour, stealthy swim, amphibious, 8 rings, constrict 8, tentacle
spike 3, camouflage 1, gelatinous body 1
a: End Transformation


You were on level 2 of the Dungeon.
You were not hungry.
One of your tentacles had a temporary spike.
You visited 1 branch of the dungeon, and saw 2 of its levels.

You collected 58 gold pieces.

Inventory:

Missiles
 a - 12 arrows
Jewellery
 g - a cursed ring of attention {unknown}
Scrolls
 b - 2 scrolls of enchant weapon {unknown}
 e - a scroll of immolation {unknown}
 h - a scroll of fear {unknown}
Comestibles
 c - 2 rations
 d - 3 chunks of flesh


   Skills:
 - Level 1.0 Fighting
 - Level 2.0 Dodging
 - Level 3.0 Unarmed Combat
 - Level 2.0 Spellcasting
 + Level 4.1 Transmutations


You had 3 spell levels left.
You knew the following spells:

 Your Spells              Type           Power        Failure   Level  Hunger
a - Beastly Appendage     Tmut           ##....       3%          1    #......
b - Sticks to Snakes      Tmut           ##......     6%          2    ###....

Your spell library contained the following spells:

 Spells                   Type           Power        Failure   Level  Hunger
 Spider Form              Tmut/Pois      #.........   26%         3    ###....
 Ice Form                 Ice/Tmut       #.......     65%         4    #####..
 Blade Hands              Tmut           ##........   71%         5    ######.


Dungeon Overview and Level Annotations

Branches:
Dungeon (2/15)

Altars:

Annotations:
D:2 Sigmund


Innate Abilities, Weirdness & Mutations

You cannot wear most types of armour.
You are very stealthy in the water. (Stealth+)
You are amphibious.
You can wear up to eight rings at the same time.
You can use your tentacles to constrict eight enemies at once.
Your skin changes colour to match your surroundings (Stealth+).
Your rubbery body absorbs attacks. (AC +1, EV +1)
One of your tentacles bears a large vicious spike.


Message History

A rat comes into view.
Casting: Beastly Appendage (safe; 3% risk of failure)
Confirm with . or Enter, or press ? or * to list all spells.
One of your tentacles grows a vicious spike.
Something hits you.
A ball python comes into view.
The goblin barely misses you.
You tentacle-slap the goblin.
You kill the goblin!
Something hits you!
* * * LOW HITPOINT WARNING * * *
You are too injured to fight recklessly!
You are too injured to fight recklessly!
You miss the adder. Your grab misses the adder. The adder bites you.
* * * LOW HITPOINT WARNING * * *
It was a potion of haste.
You feel yourself speed up.
Your transformation is almost over.
The adder barely misses you. Something hits you!
Ouch! That really hurt!
You die...

##############
##............... .
................. ..
................ ...
.............. ....
#..........#### .....
#.............#
......##......)......###
...S.rS@................
......##.†............##
..... #?.............##
.........†##............
........................
.............%....##....
. ................##....
.....................#
.######..............#


You could see an adder, a ball python and a rat.

Vanquished Creatures
  A dart slug (D:1)
  2 leopard geckos
  A ball python (D:1)
  3 giant cockroaches
  3 goblins
  9 hobgoblins
  9 jackals
  5 kobolds (D:1)
  2 bats (D:1)
  3 frilled lizards
  2 rats
40 creatures vanquished.

Notes
Turn   | Place    | Note
-------+----------+-------------------------------------------
     0 | D:1      | Hugehornet the Octopode Transmuter began the quest for the
                  | Orb.
     0 | D:1      | Reached XP level 1. HP: 13/13 MP: 3/3
    97 | D:1      | Reached XP level 2. HP: 12/18 MP: 3/5
   101 | D:1      | Learned a level 2 spell: Sticks to Snakes
   301 | D:1      | Reached skill level 3 in Transmutations
   438 | D:1      | Reached XP level 3. HP: 14/23 MP: 6/6
  1211 | D:2      | Reached skill level 4 in Transmutations
  1217 | D:2      | Noticed Sigmund
  1223 | D:2      | Mangled by Sigmund

Levels and vault maps discovered:
D:1:      lemuel_arrival_funnel, layout_loops_ring
D:2:      layout_basic, tso_altar, lemuel_round_altar, uniq_sigmund

Skill      XL: |  1  2  3 |
---------------+----------+-----
Transmutations | 3 4 |  4.1
Fighting       | |  1.0
Dodging        | |  2.0
Unarmed Combat | |  3.0
Spellcasting   | |  2.0

Action                   || total
-------------------------++-------
Melee: Unarmed           ||    88
       Constrict         ||    23
       Kick              ||    15
       Tentacles         ||     9
       Punch             ||     2
 Cast: Beastly Appendage ||    17
  Use: Potion            ||     1
 Stab: Sleeping          ||     5
  Eat: Chunk             ||     1
Armor: Skin              ||     4
Dodge: Dodged            ||    60
